 Dungeon Crawl Stone Soup version 0.27-a0-1191-g601b473118 (webtiles) character file.

Game seed: 6983059053781801474

23 experimilk the Cudgeller (level 2, -2/18 HPs)
             Began as a Gargoyle Gladiator on May 23, 2021.
             Was a Follower of Qazlal.
             Slain by a gnoll
             ... wielding a +0 whip
              (4 damage)
             ... on level 2 of the Dungeon.
             The game lasted 00:02:39 (1284 turns).

experimilk the Cudgeller (Gargoyle Gladiator)       Turns: 1284, Time: 00:02:40

Health: -2/18      AC:  6    Str: 17    XL:     2   Next: 95%
Magic:  2/2        EV: 12    Int:  8    God:    Qazlal [*.....]
Gold:   50         SH:  1    Dex: 11    Spells: 1/1 levels left

rFire    . . .     SeeInvis .   a - +0 flail
rCold    . . .     Faith    .   (no shield)
rNeg     + . .     Spirit   .   b - +0 leather armour
rPois    ∞         Reflect  .   c - +0 helmet
rElec    +         Harm     .   (no cloak)
rCorr    .         Rampage  .   (no gloves)
Will     .....                  (no boots)
Stlth    +.........             (no amulet)
HPRegen  0.06/turn              (no ring)
MPRegen  0.08/turn              (no ring)

@: no status effects
A: sickness immunity, AC +2, negative energy resistance 1, electricity
resistance, torment resistance 1, petrification resistance
a: Renounce Religion


You were on level 2 of the Dungeon.
You worshipped Qazlal.
Qazlal was aware of your devotion.
You visited 1 branch of the dungeon, and saw 2 of its levels.

You collected 50 gold pieces.

Inventory:

Hand Weapons
 a - a +0 flail (weapon)
Missiles
 d - 3 throwing nets (quivered)
 e - 23 stones
Armour
 b - a +0 leather armour (worn)
 c - a +0 helmet (worn)
Scrolls
 f - 2 scrolls of magic mapping {unknown}
 g - a scroll of identify {unknown}


   Skills:
 + Level 2.7 Fighting
 * Level 3.7 Maces & Flails
 - Level 1.7 Throwing
 - Level 2.4 Dodging


You had one spell level left.
You didn't know any spells.
Your spell library contained the following spells:

 Spells                   Type           Power      Damage    Failure   Level
 Magic Dart               Conj           0%         1d3       47%         1
 Searing Ray              Conj           0%         3d3       63%         2
 Dazzling Flash           Conj/Hex       0%         N/A       85%         3
 Fulminant Prism          Conj/Hex       0%         3d6       99%         4
 Iskenderun's Mystic Bla  Conj/Tloc      0%         2d3       99%         4


Dungeon Overview and Level Annotations

Branches:
Dungeon (2/15)

Altars:
Qazlal


Innate Abilities, Weirdness & Mutations

You are immune to sickness and miasma.
Your stone body is resilient. (AC +2)
You are immune to poison.
You resist negative energy. (rN+)
You are resistant to electric shocks. (rElec)
You are resistant to unholy torment.
You are immune to petrification.


Message History

You hit the hobgoblin.
The hobgoblin is almost dead.
The bat closely misses you. The hobgoblin barely misses you.
You barely miss the hobgoblin.
The hobgoblin is almost dead.
The bat hits you but does no damage. The bat closely misses you.
The hobgoblin hits you but does no damage.
You sock the hobgoblin!
You kill the hobgoblin!
Qazlal accepts your kill.
The bat is engulfed in blazing flames.
You kill the bat!
Qazlal accepts your kill.
There is an open door here.
f - 2 scrolls labelled DUREW ITEM (gained 1)
There is an open door here.
There is an open door here.
You open the door.
There is an open door here.
Found a stone staircase leading down.
A gnoll comes into view. It is wielding a +0 whip.
The gnoll hits you with a +0 whip.
You sock the gnoll!
The gnoll is severely wounded.
The gnoll hits you but does no damage.
You hit the gnoll.
The gnoll is severely wounded.
The gnoll hits you with a +0 whip.
You barely miss the gnoll.
The gnoll is severely wounded.
The gnoll hits you with a +0 whip.
You closely miss the gnoll.
The gnoll is severely wounded.
The gnoll closely misses you.
You completely miss the gnoll.
The gnoll is severely wounded.
The gnoll hits you with a +0 whip.
* * * LOW HITPOINT WARNING * * *
The gnoll hits you with a +0 whip.
You die...

#.#### #.##.. #.##.#
#.##.# #.##.#
#########.##.#
#.........##.#
##########..........
#.g@....##..........
#.#####.............
#.# #####.......>.
#.# ########## #g#
#.# #.# #.. #..


You could see a gnoll.

Vanquished Creatures
  A dart slug (D:1)
  A ball python (D:1)
  2 endoplasms (D:1)
  A goblin (D:1)
  4 hobgoblins
  3 jackals (D:1)
  A kobold (D:1)
  2 bats
  2 frilled lizards (D:1)
  A rat (D:1)
18 creatures vanquished.

Notes
Turn   | Place    | Note
-------+----------+-------------------------------------------
     0 | D:1      | experimilk the Gargoyle Gladiator began the quest for the
                  | Orb.
     0 | D:1      | Reached XP level 1. HP: 12/12 MP: 1/1
   387 | D:1      | Found a faded altar of an unknown god.
   408 | D:1      | Reached XP level 2. HP: 14/18 MP: 2/2
   517 | D:1      | Became a worshipper of Qazlal Stormbringer
   517 | D:1      | Reached * piety under Qazlal
  1284 | D:2      | Slain by a gnoll

Illustrated notes

Levels and vault maps discovered:
D:1:      sevenhm_arrival_forest_fort_small_5, layout_basic,
          basic_ecumenical_altar, st_stairs_12
D:2:      minmay_wonky_spiral, layout_basic, kennysheep_potato, uniq_natasha

Action                   || total
-------------------------++-------
Melee: Flail             ||    43
Armor: Leather armour    ||    18
Dodge: Dodged            ||    33
Block: Other             ||     2

Table legend: (Time is in decaauts)
 A = Elapsed time spent in this place.
 B = Non-inter-level travel time spent in this place.
 C = Inter-level travel time spent in this place.
 D = Time resting spent in this place.
 E = Time spent auto-exploring this place.
 F = Levels seen in this place.
 G = Mean time per level.
                   A        B        C        D        E       F      G
               +--------+--------+--------+--------+--------+-----+--------+
         Total |   1294 |   1265 |     29 |    241 |    542 |   2 |  647.0 |
       Dungeon |   1294 |   1265 |     29 |    241 |    542 |   2 |  647.0 |
               +--------+--------+--------+--------+--------+-----+--------+

Top non-repeatable levels by time:
     D:1: 1182 daAuts
     D:2: 112 daAuts
